 Dungeon Crawl Stone Soup version 0.30-a0-23-ge60ba3568b (webtiles) character file.

Game seed: 11691664852856799037

758 tilp the Grave Robber (level 7, 0/54 HPs)
             Began as a Mummy Necromancer on Aug 24, 2022.
             Slain by an orc wizard
             ... wielding a +0 dagger
              (2 damage)
             ... on level 5 of the Dungeon.
             The game lasted 00:09:30 (4410 turns).

tilp the Grave Robber (Mummy Necromancer)           Turns: 4410, Time: 00:09:30

Health: 0/54       AC:  6    Str: 11    XL:     7   Next: 50%
Magic:  13/13      EV: 12    Int: 22    God:
Gold:   29         SH:  0    Dex: 12    Spells: 6/14 levels left

rFire   . . .      SeeInvis .    a - +10 sling of Seidygab {vorpal, rC+}
rCold   + + .      Faith    .    (no shield)
rNeg    + + +      Spirit   .    d - +2 leather armour {rN+}
rPois   ∞          Reflect  .    t - +0 helmet
rElec   .          Harm     .    (no cloak)
rCorr   +          Rampage  .    (no gloves)
Will    .....                    (no boots)
Stlth   +.........               e - amulet of Sempanuq {RegenMP rCorr Int+5}
HPRegen 0.18/turn                s - ring of protection from fire
MPRegen 0.53/turn                (no ring)

@: silenced
A: cold resistance 1, negative energy resistance 3, torment resistance 2, heat
vulnerability 1, in touch with death 1, no potions
a: no special abilities


You were on level 5 of the Dungeon.
You visited 1 branch of the dungeon, and saw 5 of its levels.

You collected 972 gold pieces.
You spent 943 gold pieces at shops.

Inventory:

Hand Weapons
 a - the +10 sling of Seidygab (weapon) {vorpal, rC+}
   (You took it off a goblin on level 3 of the Dungeon)

   Any ammunition fired from it inflicts extra damage upon your enemies.
   rC:        It protects you from cold.
 b - a +3 short sword of venom
Missiles
 c - 83 stones
 j - 8 poisoned darts
Armour
 d - a +2 leather armour of positive energy (worn)
 l - a +0 robe
 t - a +0 helmet (worn)
Jewellery
 e - the amulet of Sempanuq (around neck) {RegenMP rCorr Int+5}
   (You bought it in a shop on level 2 of the Dungeon)

   [amulet of magic regeneration]

   It increases your rate of magic regeneration.
   Int:       It affects your intelligence (+5).
   rCorr:     It protects you from acid and corrosion.
 f - a ring of resist corrosion
 s - a ring of protection from fire (left hand)
Wands
 q - a wand of flame (13)
Scrolls
 g - a scroll of magic mapping
 h - 2 scrolls of noise
 i - a scroll of amnesia
 m - a scroll of fog {unknown}
 n - a scroll of brand weapon {unknown}
 o - a scroll of enchant weapon {unknown}
 p - a scroll of enchant armour {unknown}
 r - a scroll of fear {unknown}


   Skills:
 - Level 4.0 Fighting
 + Level 2.9 Dodging
 - Level 2.0 Stealth
 + Level 4.2 Spellcasting
 * Level 7.0 Necromancy


You had 6 spell levels left.
You knew the following spells:

 Your Spells              Type           Power      Damage    Failure   Level
a - Necrotise             Necr           100%       1d9       1%          1
b - Vampiric Draining     Necr           52%        2d9       2%          3
c - Animate Dead          Necr           52%        N/A       8%          4

Your spell library contained the following spells:

 Spells                   Type           Power      Damage    Failure   Level
 Agony                    Necr           52%        N/A       22%         5
 Confusing Touch          Hex            4%         N/A       41%         3
 Frozen Ramparts          Ice            8%         1d2       41%         3
 Summon Ice Beast         Ice/Summ       4%         N/A       82%         4
 Yara's Violent Unravell  Hex/Tmut       2%         3d3       99%         5
 Enfeeble                 Hex            2%         N/A       100%        7
 Ice Form                 Ice/Tmut       Unusable   N/A       N/A         4

Dungeon Overview and Level Annotations

Branches:
Dungeon (5/15)
 Temple: D:4-7

Altars:
Fedhas
Hepliaklqana
Qazlal

Shops:
D:2 =*(   D:4 *

Annotations:
D:3 1 runed translucent door, yokelz's ghost, amateur BaTm
D:4 3 runed translucent doors, KleinerIrrer's ghost, amateur DrTm; SlaveLabor's ghost, amateur DEFE
D:5 Ijyb


Innate Abilities, Weirdness & Mutations

You are immune to poison.
Your flesh is cold resistant. (rC+)
You are immune to negative energy. (rN+++)
You are immune to unholy pain and torment.
You are vulnerable to heat. (rF-)
You are in touch with the powers of death.
You do not drink.


Message History

The orc priest shouts!
The sling bullet hits the phantom!
The phantom is almost destroyed.
You hear a shout! x2
The phantom hits you.
The phantom blinks!
You blink.
An orc comes into view. It is wielding a +0 hand axe.
The phantom barely misses you.
The orc moves out of view.
The phantom attacks as you move away!
The phantom hits you but does no damage.
A magic dart appears from out of thin air!
The magic dart hits you!
* * * LOW HITPOINT WARNING * * *
The phantom attacks as you move away! The phantom hits you.
* * * LOW HITPOINT WARNING * * *
Ijyb zaps a wand.
The bolt of dispelling energy misses the orc.
The bolt of dispelling energy misses you.
Unknown command.
As you read the scroll labelled ZOSANWICO, it crumbles to dust.
A profound silence engulfs you.
It was a scroll of silence.
The gnoll barely misses you. The phantom hits you.
* * * LOW HITPOINT WARNING * * *
The phantom blinks!
You blink.
An orc comes into view. It is wielding a +0 dagger.
Unknown command.
You are too injured to fight recklessly!
Unknown command.
The phantom attacks as you move away! The phantom hits you.
* * * LOW HITPOINT WARNING * * *
The phantom attacks as you move away! The phantom hits you.
* * * LOW HITPOINT WARNING * * *
The phantom attacks as you move away! The phantom hits you.
* * * LOW HITPOINT WARNING * * *
The orc throws a stone.
The stone closely misses you. Something hits you but does no damage.
Something hits you.
* * * LOW HITPOINT WARNING * * *
The phantom attacks as you move away! The phantom completely misses you.
Something hits you.
You die...

#...#.##..######.....#..
########..##.#......## #
##...........##
#.....###.....###
###..#####....#..
#..###.#.......
#.)##..........
#..#........... .
##@#........... g.
#g..ogg........g.
##)...g..........
##......g...#...
#......o....#.#
##............#
#..............# #
#.......o##.......
#.....#..# ##.....


You could see Ijyb, an orc priest, 4 gnolls and 2 orcs.

Vanquished Creatures
  Grinder (D:3)
  A black bear (D:5)
  An ogre (D:4)
  A hound (D:5)
  Natasha (thrice) (D:4)
  3 orc wizards
  Robin (D:3)
  4 gnolls (D:4)
  4 adders
  2 worms
  11 orcs
  4 ball pythons
  6 endoplasms
  2 giant cockroaches
  15 goblins
  8 hobgoblins
  3 jackals (D:2)
  9 kobolds
  4 quokkas
  9 bats
  3 frilled lizards
  5 rats
100 creatures vanquished.

Vanquished Creatures (collateral kills)
  A goblin (D:3)
  A hobgoblin (D:1)
  3 rats
5 creatures vanquished.

Vanquished Creatures (others)
  6 fungi (D:3)
  6 withered plants (D:4)
12 creatures vanquished.

Grand Total: 117 creatures vanquished

Notes
Turn   | Place    | Note
-------+----------+-------------------------------------------
     0 | D:1      | tilp the Mummy Necromancer began the quest for the Orb.
     0 | D:1      | Reached XP level 1. HP: 13/13 MP: 4/4
   221 | D:1      | Reached XP level 2. HP: 20/20 MP: 1/5
   533 | D:1      | Reached skill level 1 in Fighting
  1096 | D:2      | Gained mutation: You are in touch with the powers of death.
                  | [Mummy growth]
  1096 | D:2      | Reached XP level 3. HP: 26/26 MP: 3/7
  1100 | D:2      | Learned a level 3 spell: Vampiric Draining
  1177 | D:2      | Found Roof's Weapon Boutique.
  1267 | D:2      | Found a hazy altar of Hepliaklqana.
  1390 | D:2      | Found Akaanaij's Assorted Antiques.
  1432 | D:2      | Found Oshre's Jewellery Boutique.
  1770 | D:2      | Bought 3 scrolls labelled ONETOF TUKU for 63 gold pieces
  1770 | D:2      | Bought a scroll labelled RAYPUV VIETE for 21 gold pieces
  1771 | D:2      | Identified a scroll of acquirement
  1772 | D:2      | Acquired 763 gold pieces
  1789 | D:2      | Bought the amulet of Sempanuq {RegenMP rCorr Int+5} for 584
                  | gold pieces
  1819 | D:3      | Found a runed translucent door.
  1820 | D:3      | Noticed a bullfrog
  1892 | D:3      | Noticed Robin
  1900 | D:3      | Killed Robin
  1900 | D:3      | Identified the +10 sling of Seidygab {vorpal, rC+}
  1901 | D:3      | Reached XP level 4. HP: 27/33 MP: 5/8
  2237 | D:3      | Found a faded altar of an unknown god.
  2247 | D:3      | Reached skill level 5 in Necromancy
  2540 | D:3      | Found a blossoming altar of Fedhas.
  2692 | D:3      | Noticed Grinder
  2727 | D:3      | Paralysed by Grinder for 2 turns
  2729 | D:3      | Killed Grinder
  2730 | D:3      | Reached skill level 6 in Necromancy
  2730 | D:3      | Reached XP level 5. HP: 34/39 MP: 8/10
  2730 | D:3      | Reached XP level 6. HP: 41/46 MP: 8/11
  2735 | D:3      | Learned a level 4 spell: Animate Dead
  2887 | D:3      | Found a hazy altar of Hepliaklqana.
  2888 | D:3      | Found a faded altar of an unknown god.
  2928 | D:3      | Noticed yokelz's ghost (amateur BaTm)
  3116 | D:4      | Noticed Natasha
  3118 | D:4      | Killed Natasha
  3216 | D:4      | Found Zanagh's Assorted Antiques.
  3260 | D:4      | Found a stormy altar of Qazlal.
  3321 | D:4      | Reached XP level 7. HP: 52/52 MP: 12/12
  3338 | D:4      | Found a runed translucent gate.
  3339 | D:4      | Found a runed translucent gate.
  3340 | D:4      | Found a runed translucent gate.
  3515 | D:4      | Noticed Natasha
  3522 | D:4      | Killed Natasha
  3589 | D:4      | Noticed KleinerIrrer's ghost (amateur DrTm)
  3590 | D:4      | Noticed SlaveLabor's ghost (amateur DEFE)
  3748 | D:4      | Noticed Natasha
  3751 | D:4      | Killed Natasha
  4103 | D:2      | Bought a ring of protection from fire for 275 gold pieces
  4182 | D:5      | Entered Level 5 of the Dungeon
  4314 | D:5      | Reached skill level 7 in Necromancy
  4400 | D:5      | Noticed Ijyb
  4409 | D:5      | HP: 2/54 [something (3)]
  4410 | D:5      | Slain by an orc wizard

Illustrated notes

Levels and vault maps discovered:
D:1:      minmay_arrival_shattered_statue, layout_rooms, st_stairs_1
D:2:      layout_loops_ring, basic_altar, serial_shops, nicolae_square_shop,
          shop, nicolae_shop_crystal
D:3:      layout_loops_cross, beargit_hepliaklqana_dungeon_heroes,
          fedhas_altar_3, ebering_ghost_sewer_d, nicolae_ecumenical_oubliette,
          uniq_robin, uniq_grinder
D:4:      layout_gridville, minitemple, serial_shops, shop,
          gammafunk_ghost_cemetery, uniq_natasha
D:5:      layout_cave_pools, hangedman_decor_diamond_cutter,
          nicolae_alphabet_shops, uniq_ijyb

Skill      XL: |  1  2  3  4  5  6  7 |
---------------+----------------------+-----
Fighting       | 1 2 3 4 |  4.0
Spellcasting   | 3 4 |  4.2
Dodging        | 2 |  2.9
Stealth        | 2 |  2.0
Necromancy     | 6 7 |  7.0

Action                   |  1- 3 |  4- 6 |  7- 9 || total
-------------------------+-------+-------+-------++-------
Melee: Short sword       |     5 |       |       ||     5
 Fire: Sling             |       |    67 |    47 ||   114
Throw: Dart              |     1 |       |       ||     1
 Cast: Necrotise         |    65 |    14 |     2 ||    81
  Use: Scroll            |     5 |     3 |     2 ||    10
Armor: Robe              |     3 |       |       ||     3
       Leather armour    |     6 |     2 |     2 ||    10
Dodge: Dodged            |    14 |     8 |    18 ||    40

Table legend: (Time is in decaauts)
 A = Elapsed time spent in this place.
 B = Non-inter-level travel time spent in this place.
 C = Inter-level travel time spent in this place.
 D = Time resting spent in this place.
 E = Time spent auto-exploring this place.
 F = Levels seen in this place.
 G = Mean time per level.
                   A        B        C        D        E       F      G
               +--------+--------+--------+--------+--------+-----+--------+
         Total |   4461 |   4100 |    361 |    583 |   2887 |   5 |  892.2 |
       Dungeon |   4461 |   4100 |    361 |    583 |   2887 |   5 |  892.2 |
               +--------+--------+--------+--------+--------+-----+--------+

Top non-repeatable levels by time:
     D:3: 1339 daAuts
     D:4: 1180 daAuts
     D:1: 1071 daAuts
     D:2: 744 daAuts
     D:5: 124 daAuts
